woodfighter, neutral female human Wizard ------- |..%au| ---------------- |..%_Z.# -------- #######-..............| |...ha|# |.<*....## #`######|..............| |.....|# |......| ### #...............| -------# #........# # ###|.*............| # #|.#....|### # -----.---.------ # #--------# # # ## # ## ### # # # ----------- # # ### # ### # |.)[[[[[[)| ## # ####--------# # # |...[)..[[| #-----# # #.......+# ## # |.)[[[[.[.| #|..[|# ## |......| --|-+---- #-.[.[[[[[[| #|....# ##.*.....| |.......| ###----------- #-...| # -------- |.......| # |...-####### |........###### |..>| |.......| -.--- --------- # woodfighter the Magician Experience level: 11 Strength: 16 Dexterity: 10 Constitution: 13 Intelligence: 16 Wisdom: 19 Charisma: 10 Health: 0(68) Energy: 82(169) Def: 10 Gold: 0 Moves: 11624 Dungeon seed: Tor1GkBitYa5m2Q3 Game ID: woodfighter_1448182565 Your Inventory: Weapons a - a blessed +1 quarterstaff x - the rustproof +0 Magicbane (weapon in hand) Armor e - an uncursed +0 cloak of magic resistance (being worn) r - a blessed +1 elven leather helm (being worn) v - a blessed +0 Hawaiian shirt (being worn) y - an uncursed +0 mummy wrapping z - an uncursed +1 pair of leather gloves (being worn) A - a blessed +1 studded leather armor (being worn) N - an uncursed +0 pair of elven boots (being worn) Comestibles b - 4 uncursed food rations i - an uncursed tripe ration X - an uncursed sprig of wolfsbane Z - an uncursed lizard corpse Scrolls B - an uncursed scroll of teleportation Rings g - an uncursed ring of invisibility (on left hand) k - an uncursed +0 ring of increase accuracy l - an uncursed ring of teleportation o - an uncursed ring of polymorph u - an uncursed ring of regeneration Wands f - a wand of undead turning (0:7) j - a wand of create monster (0:4) F - a wand of secret door detection (0:13) G - a wand of magic missile (0:6) M - a wand of lightning (0:5) P - a wand of digging (0:4) U - a wand of make invisible (0:4) W - a wand of polymorph (0:5) Tools c - an uncursed lock pick d - a +0 unicorn horn h - an uncursed magic whistle n - a magic marker (0:63) p - an uncursed magic lamp (lit) s - an uncursed bag of holding t - an uncursed towel D - a +0 unicorn horn Y - an uncursed blindfold Gems q - an uncursed touchstone I - an uncursed luckstone Contents of the bag of holding: an uncursed scroll of teleportation an uncursed potion of restore ability an uncursed potion of see invisible a +0 pick-axe a +0 unicorn horn a +0 unicorn horn Spells and supernatural/magical abilities: Name Level Category Fail Memory a - force bolt 1 attack 0% 42% j - jumping 1 escape 0% 56% m - magic missile 2 attack 0% 80% s - slow monster 2 enchantment 0% 89% u - confuse monster 2 enchantment 0% 42% W - pray for help -- divine ? -- Your skills at the end: Miscellaneous Skills wands [Basic] Weapon Skills quarterstaff [Basic] Spellcasting Skills attack spells [Skilled] enchantment spells [Basic] Final Attributes: You were aligned. You were sleep resistant. You were poison resistant. You were magic-protected. You were invisible. You were stealthy. You were fast. You were lucky. You had extra luck. Bad luck did not time out for you. Good luck did not time out for you. You are dead (2nd time!). Vanquished creatures: a ghost 2 giant mimics a small mimic a pyrolisk a shocking sphere a dwarf king an ochre jelly a chameleon an energy vortex a pit viper 4 Grey-elves a watchman 2 giant beetles a cockatrice 2 winter wolf cubs a lynx a leprechaun a quivering blob 2 lizards an orc-captain 3 giant spiders 4 gnome kings an orc mummy an ogre 3 owlbears 2 yetis a Green-elf 6 chickatrices 2 jaguars 3 dwarf lords a blue jelly 2 water nymphs 2 white unicorns 2 black unicorns a raven a plains centaur a snake an ape a human zombie a Woodland-elf 3 soldier ants 3 fire ants 5 bugbears a wood nymph 8 Mordor orcs 4 Uruk-hai 13 orc shamans 3 rock piercers a pony 2 fog clouds 4 yellow lights 2 shriekers 2 violet fungi 12 gnome lords 3 gnomish wizards a kobold mummy 2 black naga hatchlings a gray ooze a barrow wight 8 elf zombies 3 straw golems a paper golem 2 little dogs 2 floating eyes a kitten 15 dwarves a homunculus an iguana 24 hill orcs 5 rothes 2 rabid rats 3 giant bats an orc zombie 3 dwarf zombies 11 coyotes 3 gas spores 5 hobbits 2 acid blobs 3 large kobolds 12 geckos 4 hobgoblins 10 giant rats 6 cave spiders 4 brown molds 4 yellow molds a green mold 3 red molds 51 gnomes a garter snake 17 manes 2 gnome zombies 8 jackals 4 foxes a kobold 9 newts 10 goblins 8 sewer rats 10 grid bugs 2 bats 4 lichens 404 creatures vanquished. Voluntary challenges: You used a wielded weapon 166 times, starting on turn 111. You read items or engraved 26 times, starting on turn 1449. You never genocided any monsters. You never polymorphed an object. You never changed form. You completed Sokoban on turn 11200, according to the rules. You used no wishes. You never split a pudding. You never wrote Elbereth's name. You violated your moral code, losing 12 points of alignment, starting on turn 3005. Dungeon overview: The Dungeons of Doom: levels 1 to 8 Level 1 a fountain a long staircase Level 2 (locked box) Level 3 Level 4 <- You were here an armor shop, an altar to Thoth, a sink stairs to The Gnomish Mines Level 5 a fountain Level 6 many fountains Level 7 (locked chest) a throne stairs to Sokoban Level 8 The Gnomish Mines: levels 5 to 12 Level 5 stairs to The Dungeons of Doom Level 6 Level 7 many shops, a temple to Ptah, a magic chest, some fountains Level 8 Level 9 Level 10 Level 11 Level 12 many altars to Moloch, some fountains Sokoban: levels 3 to 6 Level 3 a magic chest Level 4 Level 5 Level 6 a magic chest stairs to The Dungeons of Doom History has recorded: On T:1 you entered the Dungeons of Doom to retrieve the Amulet of Yendor! On T:30 you reached level 2 of The Dungeons of Doom. On T:224 you advanced to experience level 2. On T:552 you reached level 3 of The Dungeons of Doom. On T:710 you advanced to experience level 3. On T:1456 you advanced to experience level 4. On T:1544 you reached level 4 of The Dungeons of Doom. On T:1572 you reached level 1 of The Gnomish Mines. On T:2210 you reached level 5 of The Dungeons of Doom. On T:2444 you reached level 6 of The Dungeons of Doom. On T:2491 you advanced to experience level 5. On T:3015 you reached level 7 of The Dungeons of Doom. On T:3239 you reached level 4 of Sokoban. On T:3265 you reached level 8 of The Dungeons of Doom. On T:3381 you advanced to experience level 6. On T:3928 you opened a magic chest. On T:4247 you reached level 3 of Sokoban. On T:4672 you reached level 2 of Sokoban. On T:5135 you opened a magic chest. On T:5172 you advanced to experience level 7. On T:5322 you reached level 2 of The Gnomish Mines. On T:5545 you were saved from death by your amulet of life saving! On T:5805 you reached level 3 of The Gnomish Mines. On T:6185 you entered the Minetown temple On T:6192 you opened a magic chest. On T:6279 you opened a magic chest. On T:6281 you opened a magic chest. On T:6366 you reached level 4 of The Gnomish Mines. On T:6669 you advanced to experience level 8. On T:6881 you opened a magic chest. On T:7222 you reached level 5 of The Gnomish Mines. On T:7479 you advanced to experience level 9. On T:7506 you opened a magic chest. On T:7511 you opened a magic chest. On T:7517 you opened a magic chest. On T:7518 you opened a magic chest. On T:7519 you opened a magic chest. On T:7521 you opened a magic chest. On T:7524 you opened a magic chest. On T:7690 you reached level 6 of The Gnomish Mines. On T:8188 you reached level 7 of The Gnomish Mines. On T:8506 you opened a magic chest. On T:8507 you opened a magic chest. On T:8507 you opened a magic chest. On T:8507 you opened a magic chest. On T:8606 you opened a magic chest. On T:8606 you opened a magic chest. On T:8613 you opened a magic chest. On T:8907 you reached level 8 of The Gnomish Mines. On T:8907 you reached the bottom of the Mines. On T:10051 you advanced to experience level 10. On T:10087 you opened a magic chest. On T:10144 you opened a magic chest. On T:10147 you opened a magic chest. On T:10309 you opened a magic chest. On T:10346 you reached level 1 of Sokoban. On T:11200 you advanced to experience level 11. On T:11200 you entered the Sokoban zoo. On T:11426 you opened a magic chest. On T:11441 you opened a magic chest. On T:11441 you opened a magic chest. On T:11593 you received Magicbane from Thoth. Score breakdown: Gold: 0 ( 0 points) Experience: 11 levels ( 1000 points) Exploration: 12 levels ( 330 points) Discoveries: 25 items ( 1250 points) Variety of kills: 100 monsters ( 2000 points) Major goal: Sokoban/Mines ( 1500 points) Survival: died (score multiplied by 3) Total score: 18240 Latest messages: The plains centaur kicks! M - an uncursed wand of lightning. G - an uncursed wand of magic missile. W - an uncursed wand of polymorph. s - an uncursed bag called holding. Y - an uncursed blindfold. c - an uncursed lock pick. p - an uncursed magic lamp (lit). n - an uncursed magic marker. h - an uncursed magic whistle. t - an uncursed towel. d - an uncursed unicorn horn. D - an uncursed unicorn horn. I - an uncursed stone called luckstone. q - an uncursed stone called touchstone. You kill the plains centaur! The magic missile bounces! The magic missile hits you! The missiles bounce off! The giant beetle bites! The hobbit thrusts his runed dagger. The hobbit stabs you! The ghoul misses. The ghoul scratches you! You die... Final status: Goodbye woodfighter the Wizard, killed by a ghoul... You died in The Dungeons of Doom on dungeon level 4 with 18240 points, and 0 pieces of gold, after 11624 moves. You were level 11 with a maximum of 68 hit points when you died.